 Dungeon Crawl Stone Soup version 0.23-a0-619-g281719c (webtiles) character file.

371 Matador8 the Grave Robber (level 7, 0/46 HPs)
             Began as a Human Necromancer on Dec 22, 2018.
             Slain by an orc priest
             ... wielding a +2 hand axe of venom
              (8 damage)
             ... on level 7 of the Dungeon.
             The game lasted 00:44:32 (5179 turns).

Matador8 the Grave Robber (Human Necromancer)       Turns: 5179, Time: 00:44:33

Health: 0/46       AC:  4    Str:  9    XL:     7   Next: 2%
Magic:  0/10       EV: 12    Int: 16    God:
Gold:   210        SH:  3    Dex: 16    Spells: 5/10 levels left

rFire    . . .     SeeInvis .   e - +0 spear
rCold    . . .     Gourm    .   (no shield)
rNeg     . . .     Faith    .   j - +0 leather armour
rPois    .         Spirit   .   B - +0 helmet
rElec    .         Reflect  +   (no cloak)
rCorr    .         Harm     .   (no gloves)
MR       .....                  (no boots)
Stlth    ++........             s - +3 amulet of reflection
HPRegen  0.15/turn              p - ring of flight
MPRegen  0.12/turn              z - +2 ring of dexterity

@: lethally poisoned (0 -> -20)
A: no striking features
a: Evoke Flight


You were on level 7 of the Dungeon.
You were not hungry.

You visited 1 branch of the dungeon, and saw 7 of its levels.

You collected 210 gold pieces.

Inventory:

Hand Weapons
 e - a +0 spear (weapon)
 g - a +0 hunting sling
 l - a +0 short sword
 t - a +0 hand axe
 D - a +1 flail of draining
Missiles
 h - 73 stones (quivered)
Armour
 a - a +0 robe
 j - a +0 leather armour (worn)
 r - a +0 large shield
 v - a +0 ring mail
 x - a +0 scale mail
 B - a +0 helmet (worn)
 E - a +0 scale mail
Jewellery
 f - an uncursed amulet of guardian spirit
 p - a ring of flight (left hand)
 s - a +3 amulet of reflection (around neck)
 z - a +2 ring of dexterity (right hand)
Wands
 C - a wand of clouds (3)
Scrolls
 b - a scroll of fear
 d - 2 scrolls of enchant weapon
 o - a scroll of identify
 u - a scroll of blinking
 w - a scroll of remove curse
 y - a scroll of teleportation
 A - a scroll of torment
Potions
 i - a potion of agility {unknown}
 k - 2 potions of cancellation {unknown}
 m - 2 potions of curing {unknown}
 n - a potion of heal wounds {unknown}
 q - a potion of mutation {unknown}
 F - a potion of haste {unknown}
Comestibles
 c - 7 rations


   Skills:
 + Level 1.8 Maces & Flails
 - Level 2.3 Polearms
 - Level 2.0 Dodging
 - Level 4.0 Stealth
 - Level 2.3 Spellcasting
 + Level 5.9 Necromancy


You had 5 spell levels left.
You knew the following spells:

 Your Spells              Type           Power        Failure   Level  Hunger
a - Pain                  Necr           ###.         2%          1    #......
b - Animate Skeleton      Necr           N/A          2%          1    #......
c - Vampiric Draining     Necr           ###.......   8%          3    ###....

Your spell library contained the following spells:

 Spells                   Type           Power        Failure   Level  Hunger
 Animate Dead             Necr           N/A          24%         4    #####..
 Regeneration             Chrm/Necr      ##........   26%         3    ###....


Dungeon Overview and Level Annotations

Branches:
Dungeon (8/15)
 Temple: D:4-7         Lair: D:8-11

Altars:
Ashenzari
Dithmenos
Hepliaklqana
Makhleb
Qazlal
Uskayaw
Wu Jian
Xom
Yredelemnul
The Shining One

Portals:
Ossuary: D:5

Annotations:
D:3 1 runed door
D:4 Blork the orc


Message History

Casting: Pain (safe; 2% risk of failure)
Confirm with . or Enter, or press ? or * to list all spells.
Aiming: Pain (safe; 2% risk of failure)
Press: ? - help, Shift-Dir - straight line, f/p - orc priest
Aim: an orc priest, wielding a +2 hand axe of venom (almost dead, chance to The orc priest writhes in agony!
* * * LOW HITPOINT WARNING * * *
You feel sick. The orc priest misses you.
You hit the orc priest but do no damage.
The orc priest is almost dead.
* * * LOW HITPOINT WARNING * * *
You feel sick.
The orc priest hits you but does no damage.
You are more poisoned.
You closely miss the orc priest.
The orc priest is almost dead.
* * * LOW HITPOINT WARNING * * *
You feel sick.
The orc priest hits you with a +2 hand axe of venom!
You die...

#### #.<#
# ..#
...#.##.#
.......>#
##.####$#
#o# #@#
#.# #.#
..# ###


You could see an orc priest.

Vanquished Creatures
  A bullfrog (D:5)
  A scorpion (D:5)
  Terence (D:2)
  An orc wizard (D:4)
  A worker ant (D:4)
  2 gnolls (D:3)
  5 adders
  An adder skeleton (D:8)
  A worm (D:4)
  2 leopard geckos
  16 orcs
  4 giant cockroaches
  2 hobgoblins
  4 jackals
  5 bats
  3 frilled lizards
  5 goblins
  2 goblin zombies (D:5)
  5 kobolds
  A leopard gecko skeleton (D:4)
63 creatures vanquished.

Vanquished Creatures (collateral kills)
  Ijyb (D:4)
  A gnoll (D:3)
  An adder (D:2)
  A dart slug (D:2)
  A leopard gecko (D:2)
  5 orcs (D:3)
  A giant cockroach (D:1)
  2 goblins
  A quokka (D:3)
  A bat (D:1)
15 creatures vanquished.

Grand Total: 78 creatures vanquished

Notes
Turn   | Place    | Note
-------+----------+-------------------------------------------
     0 | D:1      | Matador8 the Human Necromancer began the quest for the Orb.
     0 | D:1      | Reached XP level 1. HP: 13/13 MP: 3/3
   312 | D:1      | Learned a level 1 spell: Animate Skeleton
   692 | D:1      | Reached XP level 2. HP: 19/19 MP: 5/5
   968 | D:2      | Found a shadowy altar of Dithmenos.
  1061 | D:2      | Reached XP level 3. HP: 13/24 MP: 3/6
  1312 | D:1      | HP: 1/24 [adder (1)]
  1610 | D:1      | Learned a level 3 spell: Vampiric Draining
  1739 | D:2      | Noticed Terence
  1820 | D:2      | Killed Terence
  1820 | D:2      | Reached skill level 5 in Necromancy
  1820 | D:2      | Reached XP level 4. HP: 7/30 MP: 0/7
  2233 | D:2      | Found a basalt altar of Yredelemnul.
  2235 | D:2      | Noticed a profane servitor
  2249 | D:2      | Found a glowing golden altar of the Shining One.
  2251 | D:2      | Noticed an angel
  2823 | D:3      | Reached XP level 5. HP: 20/35 MP: 0/8
  2887 | D:3      | Reached skill level 1 in Polearms
  3140 | D:3      | Found a stormy altar of Qazlal.
  3140 | D:3      | Found a hide-covered altar of Uskayaw.
  3145 | D:3      | Found an ornate altar of the Wu Jian Council.
  3147 | D:3      | Found a shattered altar of Ashenzari.
  3148 | D:3      | Found a faded altar of an unknown god.
  3227 | D:3      | Found a runed door.
  3303 | D:3      | Found a shimmering altar of Xom.
  3584 | D:4      | Noticed Blork the orc
  3757 | D:4      | Noticed Ijyb
  3784 | D:4      | Killed Ijyb
  3811 | D:4      | Reached XP level 6. HP: 35/41 MP: 3/9
  3900 | D:4      | Noticed a phantom
  4242 | D:4      | Found a burning altar of Makhleb.
  4242 | D:4      | Found a hazy altar of Hepliaklqana.
  4641 | D:5      | Entered Level 5 of the Dungeon
  4642 | D:5      | Noticed an ice beast
  4703 | D:5      | Found a sand-covered staircase.
  4811 | D:5      | Reached skill level 1 in Maces & Flails
  5084 | D:5      | You fall through a shaft for 3 floors!
  5095 | D:8      | Reached XP level 7. HP: 41/46 MP: 10/10
  5179 | D:7      | Slain by an orc priest

Vault maps used:
D:1:      wander_arrival_desolate
D:2:      grunt_temple_overflow_holy_war, grunt_dithmenos_smoke_and_mirrors,
          uniq_terence
D:3:      chequers_temple_overflow_minitemple, led_xom_imps, first_ration,
          hangedman_decor_clover_reticule, moated_statue, kennysheep_cross_room,
          uniq_crazy_yiuf_cottage
D:4:      amethyst_overflow_temple_binary, nrook_mini_backslash,
          uniq_blork_the_orc, uniq_ijyb
D:5:      kennysheep_mini, enter_ossuary_4, minmay_hedge_maze,
          nicolae_ru_the_path_less_chosen, uniq_duvessa
D:7:      grunt_temple_overflow_growth_and_decay, ebering_ghost_rock_garden
D:8:      fiery_altar_vehumet, special_room, hangedman_ranch

Skill      XL: |  1  2  3  4  5  6 |
---------------+-------------------+-----
Stealth        | 3 4 |  4.0
Necromancy     | 5 |  5.9
Polearms       | 2 |  2.3
Maces & Flails | 1 |  1.8
Dodging        | |  2.0
Spellcasting   | |  2.3

Action                   |  1- 3 |  4- 6 |  7- 9 || total
-------------------------+-------+-------+-------++-------
Melee: Spear             |    57 |   264 |    20 ||   341
 Cast: Animate Skeleton  |     6 |    17 |       ||    23
       Pain              |    19 |    32 |     3 ||    54
       Vampiric Draining |     1 |    15 |     3 ||    19
  Use: Scroll            |       |     5 |     4 ||     9
 Stab: Sleeping          |     5 |     9 |       ||    14
       Distracted        |       |     1 |       ||     1
  Eat: Chunk             |     1 |    10 |       ||    11
       Ration            |     1 |     1 |       ||     2
Armor: Leather armour    |    21 |    51 |     2 ||    74
Dodge: Dodged            |    55 |   114 |     8 ||   177
Block: Other             |       |    13 |     1 ||    14
       Reflection        |       |     2 |       ||     2

Table legend:
 A = Non-vault XP
 B = Vault XP
 C = Vault XP percentage of total XP
 D = Non-vault monster count
 E = Vault monster count
 F = Vault count percentage of total count
                 A         B        C        D         E       F
            +---------+---------+-------+---------+---------+-------
      Total |     460 |      71 |  13.4 |      74 |       4 |   5.1
            +---------+---------+-------+---------+---------+-------
        D:1 |      27 |       0 |   0.0 |      10 |       0 |   0.0
        D:2 |      40 |      36 |  47.4 |      18 |       1 |   5.3
        D:3 |     104 |       0 |   0.0 |      24 |       0 |   0.0
        D:4 |     108 |      33 |  23.4 |      15 |       1 |   6.2
        D:5 |     164 |       2 |   1.2 |       2 |       2 |  50.0
        D:7 |      12 |       0 |   0.0 |       4 |       0 |   0.0
        D:8 |       5 |       0 |   0.0 |       1 |       0 |   0.0
            +---------+---------+-------+---------+---------+-------
